 Dungeon Crawl Stone Soup version 0.26.0-10-g1f06aea511 (webtiles) character file.

Game seed: 8321452973829422284

8252 septik the Cleaver (level 11, -7/99 HPs)
             Began as a Minotaur Berserker on Jan 28, 2021.
             Was a High Priest of Trog.
             Mangled by a hornet (10 damage)
             ... while paralysed by a hornet
             ... on level 10 of the Dungeon on Jan 29, 2021.
             The game lasted 00:10:15 (8296 turns).

septik the Cleaver (Minotaur Berserker)             Turns: 8296, Time: 00:10:16

Health: -7/99      AC: 15    Str: 25    XL:     11   Next: 7%
Magic:  10/10      EV:  2    Int:  4    God:    Trog [*****.]
Gold:   606        SH:  0    Dex: 10    Spells: 10/10 levels left

rFire    . . .     SeeInvis .   e - +2 whip (elec)
rCold    . . .     Faith    .   (no shield)
rNeg     . . .     Spirit   .   d - +0 chain mail
rPois    .         Reflect  .   (helmet restricted)
rElec    .         Harm     .   n - +0 cloak
rCorr    .         Rampage  .   q - +0 pair of gloves (curse)
Will     .....                  c - +0 pair of boots
Stlth    ..........             (no amulet)
HPRegen  0.26/turn              (no ring)
MPRegen  0.12/turn              (no ring)

@: paralysed, lethally poisoned (-7 -> -17), berserk cooldown, slowed
A: retaliatory headbutt, horns 2
a: Renounce Religion, Berserk, Trog's Hand, Brothers in Arms


You were on level 10 of the Dungeon.
You worshipped Trog.
Trog was extremely pleased with you.
You visited 2 branches of the dungeon, and saw 11 of its levels.

You collected 606 gold pieces.

Inventory:

Hand Weapons
 a - a +0 hand axe
 e - a +2 whip of electrocution (weapon)
 g - a +1 whip of venom
 I - a cursed +4 battleaxe
Armour
 b - a +0 animal skin
 c - a +0 pair of boots (worn)
 d - a +0 chain mail (worn)
 n - a +0 cloak (worn)
 q - a cursed +0 pair of gloves (worn)
Jewellery
 i - an uncursed ring of flight {unknown}
 r - an uncursed ring of wizardry {unknown}
 y - an uncursed ring of wizardry {unknown}
 A - an uncursed amulet of faith {unknown}
 B - a +6 ring of intelligence {unknown}
 L - an uncursed ring of poison resistance {unknown}
Wands
 D - a wand of random effects (46)
 E - a wand of polymorph (8)
 F - a wand of acid (7)
 H - a wand of enslavement (3)
 J - a wand of digging (2)
Scrolls
 k - 8 scrolls of identify {unknown}
 l - 5 scrolls of remove curse {unknown}
 m - a scroll of blinking {unknown}
 o - 2 scrolls of fog {unknown}
 s - 5 scrolls of teleportation {unknown}
 t - 2 scrolls of immolation {unknown}
 u - a scroll of enchant armour {unknown}
 w - 4 scrolls of amnesia {unknown}
 x - 5 scrolls of fear {unknown}
 z - a scroll of magic mapping {unknown}
 G - a scroll of enchant weapon {unknown}
Potions
 f - 4 potions of curing {unknown}
 h - 2 potions of brilliance {unknown}
 j - 3 potions of degeneration {unknown}
 p - 4 potions of might {unknown}
 v - 2 potions of heal wounds {unknown}
 C - 2 potions of resistance {unknown}
 K - a potion of cancellation {unknown}
 M - a potion of haste {unknown}


   Skills:
 + Level 9.9 Fighting
 * Level 13.1 Axes
 + Level 9.5 Armour
 + Level 8.7 Dodging


You had 10 spell levels left.
You didn't know any spells.
Your spell library was empty.

Dungeon Overview and Level Annotations

Branches:
Dungeon (10/15)            Temple (0/1) D:6            Lair (1/6) D:9
    Orc: D:9-12

Altars:
Ashenzari
Elyvilon
Makhleb
Okawaru
Qazlal
The Shining One

Annotations:
D:10 1 runed translucent door, Jaiteiro's ghost, journeyman GnFi


Innate Abilities, Weirdness & Mutations

You reflexively headbutt those who attack you in melee.
You have a pair of horns on your head.


Message History

* * * LOW HITPOINT WARNING * * *
You feel as though you will be slow longer.
The hornet completely misses you. You furiously retaliate!
You headbutt the hornet! You whack the hornet! You headbutt the hornet.
The hornet is almost dead.
The hornet barely misses you.
Unknown command.
You barely miss the hornet. Your headbutt misses the hornet.
The hornet is almost dead.
The hornet stings you.
* * * LOW HITPOINT WARNING * * *
You are lethally poisoned!
You suddenly lose the ability to move!
The hornet stings you but does no damage.
* * * LOW HITPOINT WARNING * * *
You feel sick. The hornet barely misses you.
* * * LOW HITPOINT WARNING * * *
You feel sick. The hornet stings you!
You die...

###.................
.............§......
............≈≈≈.....
.............≈......
....................
...§................
..≈§≈...............
...≈.......y........
............@|......
...................
.................≈
...............§≈
..............§≈
................
................
...............


You could see a hornet.

Vanquished Creatures
  Fannar (D:10)
  3 two-headed ogres
  A troll (D:10)
  A hornet (D:9)
  2 vampires (D:9)
  A wraith (D:7)
  The ghost of wakim the Conjurer, an amateur DECj (D:3)
  3 ice beasts
  2 orc warriors
  A sky beast (D:10)
  2 phantoms
  4 ogres
  10 centaurs
  A big kobold (D:9)
  8 bullfrogs
  10 scorpions
  3 killer bees (D:9)
  A howler monkey (D:9)
  6 wights
  A bullfrog zombie (D:7)
  A quasit (D:9)
  A jelly (D:8)
  4 hounds
  2 centaur skeletons
  3 orc priests
  7 orc wizards
  A bullfrog skeleton (D:3)
  An iguana (D:9)
  6 worker ants
  2 hound skeletons
  2 worker ant zombies
  Robin (D:3)
  A howler monkey zombie (D:3)
  9 adders
  2 shadow imps (D:5)
  2 white imps
  3 ufetubi
  An ooze (D:4)
  An adder zombie (D:3)
  A worm (D:2)
  3 dart slugs
  6 leopard geckos
  12 orcs
  A ball python (D:2)
  6 bats
  4 giant cockroaches
  10 hobgoblins
  8 jackals
  11 kobolds
  4 quokkas
  7 frilled lizards
  7 goblins
  A jackal skeleton (D:3)
  11 rats
204 creatures vanquished.

Notes
Turn   | Place    | Note
-------+----------+-------------------------------------------
     0 | D:1      | septik the Minotaur Berserker began the quest for the Orb.
     0 | D:1      | Reached XP level 1. HP: 19/19 MP: 0/0
   150 | D:1      | Reached XP level 2. HP: 27/27 MP: 1/1
   169 | D:1      | Reached skill level 4 in Axes
   657 | D:2      | Reached ** piety under Trog
   658 | D:2      | Reached XP level 3. HP: 33/33 MP: 2/2
  1128 | D:2      | Reached XP level 4. HP: 40/40 MP: 3/3
  1671 | D:3      | Found a faded altar of an unknown god.
  1807 | D:3      | Reached *** piety under Trog
  1816 | D:3      | Found a runed translucent gate.
  1816 | D:3      | Found a runed translucent gate.
  1816 | D:3      | Found a runed translucent gate.
  1817 | D:3      | Noticed wakim's ghost (amateur DECj)
  2081 | D:3      | Noticed Robin
  2090 | D:3      | Killed Robin
  2091 | D:3      | Reached skill level 5 in Axes
  2163 | D:3      | Found an iron altar of Okawaru.
  2164 | D:3      | Found a stormy altar of Qazlal.
  2458 | D:3      | Killed wakim's ghost
  2459 | D:3      | Reached XP level 5. HP: 47/47 MP: 4/4
  2465 | D:3      | Reached XP level 6. HP: 55/55 MP: 5/5
  2569 | D:4      | Reached skill level 6 in Axes
  2593 | D:4      | Reached skill level 5 in Fighting
  2913 | D:4      | Reached XP level 7. HP: 55/61 MP: 6/6
  3226 | D:5      | Entered Level 5 of the Dungeon
  3257 | D:5      | Reached skill level 7 in Axes
  3418 | D:5      | Reached **** piety under Trog
  3498 | D:5      | Reached skill level 5 in Armour
  4108 | D:6      | Reached skill level 8 in Axes
  4108 | D:6      | Reached skill level 5 in Dodging
  4108 | D:6      | Reached XP level 8. HP: 62/70 MP: 7/7
  4226 | D:6      | Found a staircase to the Ecumenical Temple.
  4622 | D:6      | Reached skill level 9 in Axes
  5276 | D:7      | Noticed a two-headed ogre
  5282 | D:7      | Killed a two-headed ogre
  5283 | D:7      | Reached skill level 10 in Axes
  5283 | D:7      | Reached XP level 9. HP: 79/79 MP: 8/8
  5813 | D:7      | Found a white marble altar of Elyvilon.
  5970 | D:8      | Reached skill level 11 in Axes
  6471 | D:8      | Found a broken altar of Ashenzari.
  6478 | D:8      | Noticed a two-headed ogre
  6487 | D:8      | Killed a two-headed ogre
  6488 | D:8      | Reached XP level 10. HP: 90/90 MP: 9/9
  7010 | D:9      | Reached ***** piety under Trog
  7103 | D:9      | Reached skill level 12 in Axes
  7439 | D:9      | Found a staircase to the Lair.
  7562 | D:9      | Found a glowing golden altar of the Shining One.
  7779 | D:9      | Noticed a two-headed ogre
  7786 | D:9      | Killed a two-headed ogre
  7860 | D:9      | Found a burning altar of Makhleb.
  8175 | Lair:1   | Entered Level 1 of the Lair of Beasts
  8175 | Lair:1   | Noticed a black mamba
  8186 | D:10     | Entered Level 10 of the Dungeon
  8188 | D:10     | Found a runed translucent door.
  8188 | D:10     | Noticed Jaiteiro's ghost (journeyman GnFi)
  8262 | D:10     | Noticed Fannar
  8289 | D:10     | Killed Fannar
  8290 | D:10     | Reached skill level 13 in Axes
  8290 | D:10     | Reached XP level 11. HP: 32/99 MP: 10/10
  8294 | D:10     | Paralysed by a hornet for 3 turns
  8295 | D:10     | HP: 3/99 [poisoned by a hornet]
  8296 | D:10     | Mangled by a hornet

Illustrated notes

Levels and vault maps discovered:
D:1:      dpeg_arrival_three_smaller_balls, layout_loops_ring
D:2:      layout_loops_corners
D:3:      layout_basic, gammafunk_temple_overflow_statue,
          gammafunk_ghost_necromancy, chequers_ecumenical_altar_island,
          uniq_robin
D:4:      layout_loops_cross
D:5:      layout_loops_ring
D:6:      layout_basic, minmay_temple_entry_sparse_star
D:7:      layout_rooms, basic_altar
D:8:      layout_cave_pools, nicolae_ashenzari_panopticon
D:9:      minmay_skewed_foursquare, layout_loops_corners, lair_entry_dummy,
          nzn_life_drinkers
D:10:     layout_big_octagon, hellmonk_ghost_happy_afterlife, serial_glass,
          glass_columns_b, glass_columns_a, minmay_diced_spiral, uniq_grum,
          uniq_fannar
Lair:1:   wad_woods_tower, layout_cave_pods, special_room, uniq_harold

Skill      XL: |  1  2  3  4  5  6  7  8  9 10 |
---------------+-------------------------------+-----
Axes           | 4 5 6 8 10 11 13 | 13.1
Fighting       | 4 5 6 7 8 9 |  9.9
Armour         | 3 4 5 7 8 9 |  9.5
Dodging        | 3 4 5 6 7 8 |  8.7

Action                   |  1- 3 |  4- 6 |  7- 9 | 10-12 || total
-------------------------+-------+-------+-------+-------++-------
Melee: Hand axe          |    17 |       |       |       ||    17
       Headbutt          |     8 |    13 |    43 |    32 ||    96
       Whip              |    63 |   106 |   218 |   172 ||   559
Invok: Berserk           |       |     1 |     3 |     5 ||     9
Armor: Chain mail        |    57 |    57 |   100 |    88 ||   302
Dodge: Dodged            |    36 |    43 |   114 |    86 ||   279
